TOP OF THE 1ST |
Hartford Pride batting - Pitching for Pawnee ParksNRec : RHP Manuel Ruíz
|
Pitching: RHP Manuel Ruíz
|
|
Batting: SHB Alvin Peterson
|
0-0: Foul Ball, location: 2F 0-1: Ball 1-1: DOUBLE (Flyball, 89D, EV 97.5 MPH)
|
Batting: RHB Katsuhiko Ishihara
|
0-0: Called Strike 0-1: Ball 1-1: Ball 2-1: Swinging Strike 2-2: Strikes out swinging
|
Batting: LHB Tomás Muinos
|
0-0: Ball 1-0: Hit by Pitch
|
Batting: RHB Emílio Agramónte
|
0-0: Called Strike 0-1: Foul Ball, location: 2F 0-2: Ball 1-2: Ball 2-2: Ball 3-2: Foul Ball, location: 2F 3-2: Foul Ball, location: 2F 3-2: Foul Ball, location: 2F 3-2: SINGLE (Groundball, 4MD, EV 98.8 MPH) Alvin Peterson to third Tomás Muinos to second Alvin Peterson scores Tomás Muinos to third
|
Batting: RHB Hani Azwan
|
0-0: Called Strike 0-1: Called Strike 0-2: Fly out, F7 (Flyball, 7LS, EV 85.0 MPH)
|
Batting: RHB Barend Huijbregts
|
0-0: Ground out 6-3 (Groundball, 6MS, EV 82.5 MPH)
|
Top of the 1st over - 1 run, 2 hits, 0 errors, 2 left on base; Hartford 1 - Pawnee 0 |
BOTTOM OF THE 1ST |
Pawnee ParksNRec batting - Pitching for Hartford Pride : RHP Tomás Huesca
|
Pitching: RHP Tomás Huesca
|
|
Batting: RHB Hiroshige Ohashi
|
0-0: Called Strike 0-1: Ball 1-1: Ball 2-1: Ball 3-1: Fly out, F7 (Flyball, 7LS, EV 94.4 MPH)
|
Batting: RHB Charles Atkinson
|
0-0: Ball 1-0: Ball 2-0: Ball 3-0: Called Strike 3-1: Ground out 5-3 (Groundball, 56S, EV 80.6 MPH)
|
Batting: RHB Josh Mawdesley
|
0-0: Ball 1-0: Ball 2-0: Ball 3-0: Base on Balls
|
Batting: LHB Won-shik Yi
|
0-0: Ball 1-0: SINGLE (Line Drive, 8LS, EV 113.8 MPH) Josh Mawdesley to second
|
Batting: RHB Elmer Kent
|
0-0: Called Strike 0-1: Foul Ball, location: 2F 0-2: Ball 1-2: Foul Ball, location: 2F 1-2: Strikes out swinging
|
Bottom of the 1st over - 0 runs, 1 hit, 0 errors, 2 left on base; Hartford 1 - Pawnee 0 |
TOP OF THE 2ND |
Hartford Pride batting - Pitching for Pawnee ParksNRec : RHP Manuel Ruíz
|
Batting: RHB Nathan Pruitt
|
0-0: Called Strike 0-1: Ball 1-1: Ball 2-1: Ball 3-1: Base on Balls
|
Batting: RHB Lester Kwiatkowski
|
0-0: Fly out, F8 (Line Drive, 8RD, EV 108.8 MPH)
|
Batting: LHB Jorge Ortíz
|
0-0: Ball Wild Pitch! Nathan Pruitt to second 1-0: Ball 2-0: Swinging Strike 2-1: SINGLE (Groundball, 4D, EV 104.4 MPH) Nathan Pruitt to third
|
Batting: SHB Alvin Peterson
|
0-0: Ball 1-0: Ball 2-0: Ball 3-0: Base on Balls Jorge Ortíz to second
|
Batting: RHB Katsuhiko Ishihara
|
0-0: Called Strike 0-1: Ball 1-1: Foul Ball, location: 2F 1-2: Fly out, F7 (Flyball, 7D, EV 106.2 MPH) Throwing error, E7 Nathan Pruitt scores Jorge Ortíz to third Alvin Peterson to second
|
Batting: LHB Tomás Muinos
|
0-0: Called Strike 0-1: SINGLE (Groundball, 56D, EV 98.8 MPH) Jorge Ortíz scores Alvin Peterson to third Runner from 3rd tries for Home, SAFE, throw by LF to home
|
Batting: RHB Emílio Agramónte
|
0-0: Ball 1-0: Ball 2-0: Ball 3-0: Called Strike 3-1: Swinging Strike 3-2: Base on Balls Tomás Muinos to second
|
Batting: RHB Hani Azwan
|
0-0: SINGLE (Line Drive, 78S, EV 91.9 MPH) Tomás Muinos to third Emílio Agramónte to second Runner from 3rd tries for Home, SAFE, no throw by LF
|
Pitching: RHP Ronald Wolfe
|
|
Batting: RHB Barend Huijbregts
|
0-0: Called Strike 0-1: Fly out, F8 (Line Drive, 8RM, EV 97.5 MPH)
|
Top of the 2nd over - 4 runs, 3 hits, 1 error, 2 left on base; Hartford 5 - Pawnee 0 |
BOTTOM OF THE 2ND |
Pawnee ParksNRec batting - Pitching for Hartford Pride : RHP Tomás Huesca
|
Batting: RHB Bartolo Álvarez
|
0-0: Ball 1-0: Foul Ball, location: 2F 1-1: Ball 2-1: Ball 3-1: Called Strike 3-2: Base on Balls
|
Batting: RHB Ashton Bailey
|
0-0: Ball 1-0: Foul Ball, location: 2F 1-1: Called Strike 1-2: Ball 2-2: Foul Ball, location: 2F 2-2: Grounds into double play, 5-4-3 (Groundball, 56S, EV 85.0 MPH)
|
Batting: RHB Terry Boyle
|
0-0: Called Strike 0-1: Ball 1-1: Ball 2-1: Ground out 4-3 (Groundball, 4, EV 81.9 MPH)
|
Bottom of the 2nd over - 0 runs, 0 hits, 0 errors, 0 left on base; Hartford 5 - Pawnee 0 |
TOP OF THE 3RD |
Hartford Pride batting - Pitching for Pawnee ParksNRec : RHP Ronald Wolfe
|
Batting: RHB Nathan Pruitt
|
0-0: Ball 1-0: Ball 2-0: Foul Ball, location: 2F 2-1: Ball 3-1: Ground out 6-3 (Groundball, 6, EV 86.9 MPH)
|
Batting: RHB Lester Kwiatkowski
|
0-0: Called Strike 0-1: Ball 1-1: Ball 2-1: DOUBLE (Line Drive, 8LXD, EV 109.4 MPH)
|
Batting: LHB Jorge Ortíz
|
0-0: Ball 1-0: Ground out U3 (Groundball, 3, EV 92.5 MPH) Lester Kwiatkowski to third
|
Batting: SHB Alvin Peterson
|
0-0: Ball 1-0: Fly out, F7 (Flyball, 7D, EV 91.9 MPH)
|
Top of the 3rd over - 0 runs, 1 hit, 0 errors, 1 left on base; Hartford 5 - Pawnee 0 |
BOTTOM OF THE 3RD |
Pawnee ParksNRec batting - Pitching for Hartford Pride : RHP Tomás Huesca
|
Batting: RHB Henry Kent
|
0-0: Foul Ball, location: 2F 0-1: Ball 1-1: Swinging Strike 1-2: Strikes out swinging
|
Batting: RHB Hiroshige Ohashi
|
0-0: Ball 1-0: Called Strike 1-1: Swinging Strike 1-2: Ball 2-2: Ball 3-2: Foul Ball, location: 2F 3-2: Fly out, F9 (Line Drive, 9S, EV 104.4 MPH)
|
Batting: RHB Charles Atkinson
|
0-0: Ball 1-0: Ball 2-0: Foul Ball, location: 2F 2-1: Ball 3-1: Called Strike 3-2: Ground out 6-3 (Groundball, 6, EV 88.8 MPH)
|
Bottom of the 3rd over - 0 runs, 0 hits, 0 errors, 0 left on base; Hartford 5 - Pawnee 0 |
TOP OF THE 4TH |
Hartford Pride batting - Pitching for Pawnee ParksNRec : RHP Ronald Wolfe
|
Batting: RHB Katsuhiko Ishihara
|
0-0: Reached on error, E5 (Groundball, 5, EV 101.9 MPH)
|
Batting: LHB Tomás Muinos
|
0-0: Called Strike 0-1: Ball 1-1: Fly out, F5 (Popup, 15, EV 83.8 MPH)
|
Batting: RHB Emílio Agramónte
|
0-0: Swinging Strike 0-1: Grounds into double play, 5-4-3 (Groundball, 56, EV 88.1 MPH)
|
Top of the 4th over - 0 runs, 0 hits, 1 error, 0 left on base; Hartford 5 - Pawnee 0 |
BOTTOM OF THE 4TH |
Pawnee ParksNRec batting - Pitching for Hartford Pride : RHP Tomás Huesca
|
Batting: RHB Josh Mawdesley
|
0-0: SINGLE (Groundball, 4MD, EV 101.9 MPH)
|
Batting: LHB Won-shik Yi
|
0-0: Called Strike 0-1: Foul Ball, location: 2F 0-2: Strikes out looking
|
Batting: RHB Elmer Kent
|
0-0: Fly out, F9 (Flyball, 9LD, EV 93.8 MPH)
|
Batting: RHB Bartolo Álvarez
|
0-0: Called Strike 0-1: Foul Ball, location: 2F 0-2: Fly out, F9 (Flyball, 9S, EV 83.1 MPH)
|
Bottom of the 4th over - 0 runs, 1 hit, 0 errors, 1 left on base; Hartford 5 - Pawnee 0 |
TOP OF THE 5TH |
Hartford Pride batting - Pitching for Pawnee ParksNRec : RHP Ronald Wolfe
|
Batting: RHB Hani Azwan
|
0-0: Called Strike 0-1: Ball 1-1: Called Strike 1-2: Strikes out swinging
|
Batting: RHB Barend Huijbregts
|
0-0: Ground out 5-3 (Groundball, 56, EV 101.2 MPH)
|
Batting: RHB Nathan Pruitt
|
0-0: Called Strike 0-1: Foul Ball, location: 2F 0-2: Ball 1-2: Strikes out swinging
|
Top of the 5th over - 0 runs, 0 hits, 0 errors, 0 left on base; Hartford 5 - Pawnee 0 |
BOTTOM OF THE 5TH |
Pawnee ParksNRec batting - Pitching for Hartford Pride : RHP Tomás Huesca
|
Batting: RHB Ashton Bailey
|
0-0: Called Strike 0-1: Ball 1-1: Ground out 6-3 (Groundball, 6, EV 88.8 MPH)
|
Batting: RHB Terry Boyle
|
0-0: Swinging Strike 0-1: Foul Ball, location: 2F 0-2: Ball 1-2: Ground out 5-3 (Groundball, 56S, EV 83.8 MPH)
|
Batting: RHB Henry Kent
|
0-0: Ball 1-0: Called Strike 1-1: Ball 2-1: Called Strike 2-2: Ball 3-2: Fly out, F9 (Flyball, 9D, EV 75.6 MPH)
|
Bottom of the 5th over - 0 runs, 0 hits, 0 errors, 0 left on base; Hartford 5 - Pawnee 0 |
TOP OF THE 6TH |
Hartford Pride batting - Pitching for Pawnee ParksNRec : RHP Ronald Wolfe
|
Batting: RHB Lester Kwiatkowski
|
0-0: Called Strike 0-1: Ball 1-1: Foul Ball, location: 2F 1-2: Foul Ball, location: 2F 1-2: Ball 2-2: Ball 3-2: Strikes out swinging
|
Batting: LHB Jorge Ortíz
|
0-0: Ground out U3 (Groundball, 34, EV 101.9 MPH)
|
Batting: SHB Alvin Peterson
|
0-0: Called Strike 0-1: Ball 1-1: Fly out, F9 (Line Drive, 9, EV 97.5 MPH)
|
Top of the 6th over - 0 runs, 0 hits, 0 errors, 0 left on base; Hartford 5 - Pawnee 0 |
BOTTOM OF THE 6TH |
Pawnee ParksNRec batting - Pitching for Hartford Pride : RHP Tomás Huesca
|
Batting: RHB Hiroshige Ohashi
|
0-0: Foul Ball, location: 2F 0-1: Foul Ball, location: 2F 0-2: Single, Error in OF, E7, batter to second base (Line Drive, 56D, EV 96.9 MPH)
|
Batting: RHB Charles Atkinson
|
0-0: Ball 1-0: SINGLE (Groundball, 6MD, EV 105.6 MPH) Hiroshige Ohashi to third
|
Batting: RHB Josh Mawdesley
|
0-0: Foul Ball, location: 2F 0-1: Grounds into double play, 5-4-3 (Groundball, 5S, EV 77.5 MPH) Hiroshige Ohashi scores
|
Batting: LHB Won-shik Yi
|
0-0: Swinging Strike 0-1: Ball 1-1: Ball 2-1: Ball 3-1: Ground out 4-3 (Groundball, 4, EV 76.2 MPH)
|
Bottom of the 6th over - 1 run, 2 hits, 1 error, 0 left on base; Hartford 5 - Pawnee 1 |
TOP OF THE 7TH |
Hartford Pride batting - Pitching for Pawnee ParksNRec : RHP Ronald Wolfe
|
Batting: RHB Katsuhiko Ishihara
|
0-0: Swinging Strike 0-1: Ball 1-1: Swinging Strike 1-2: Strikes out swinging
|
Batting: LHB Tomás Muinos
|
0-0: Called Strike 0-1: Ball 1-1: Called Strike 1-2: Foul Ball, location: 2F 1-2: Ball 2-2: Strikes out swinging
|
Batting: RHB Emílio Agramónte
|
0-0: Ball 1-0: Called Strike 1-1: Ball 2-1: SINGLE (Groundball, 4MD, EV 99.4 MPH)
|
Batting: RHB Hani Azwan
|
0-0: Foul Ball, location: 2F 0-1: Fly out, F8 (Flyball, 78D, EV 94.4 MPH)
|
Top of the 7th over - 0 runs, 1 hit, 0 errors, 1 left on base; Hartford 5 - Pawnee 1 |
BOTTOM OF THE 7TH |
Pawnee ParksNRec batting - Pitching for Hartford Pride : RHP Tomás Huesca
|
Batting: RHB Elmer Kent
|
0-0: Ball 1-0: Called Strike 1-1: Ground out 4-3 (Groundball, 4, EV 105.0 MPH)
|
Batting: RHB Bartolo Álvarez
|
0-0: Ball 1-0: Ball 2-0: Called Strike 2-1: Fly out, F7 (Flyball, 78D, EV 101.9 MPH)
|
Batting: RHB Ashton Bailey
|
0-0: Called Strike 0-1: Called Strike 0-2: Strikes out swinging
|
Bottom of the 7th over - 0 runs, 0 hits, 0 errors, 0 left on base; Hartford 5 - Pawnee 1 |
TOP OF THE 8TH |
Hartford Pride batting - Pitching for Pawnee ParksNRec : RHP Ronald Wolfe
|
Batting: RHB Barend Huijbregts
|
0-0: Called Strike 0-1: Ball 1-1: Ball 2-1: Ball 3-1: Foul Ball, location: 2F 3-2: Strikes out swinging
|
Batting: RHB Nathan Pruitt
|
0-0: Ball 1-0: Ball 2-0: Fly out, F9 (Flyball, 89D, EV 91.9 MPH)
|
Batting: RHB Lester Kwiatkowski
|
0-0: Ball 1-0: Called Strike 1-1: Foul Ball, location: 2F 1-2: Strikes out swinging
|
Top of the 8th over - 0 runs, 0 hits, 0 errors, 0 left on base; Hartford 5 - Pawnee 1 |
BOTTOM OF THE 8TH |
Pawnee ParksNRec batting - Pitching for Hartford Pride : RHP Tomás Huesca
|
Batting: RHB Terry Boyle
|
0-0: Called Strike 0-1: Ball 1-1: Fly out, F8 (Flyball, 8LM, EV 88.8 MPH)
|
Pitching: RHP Eduardo Flores
|
|
Batting: RHB Henry Kent
|
0-0: Ball 1-0: Called Strike 1-1: Ball 2-1: Foul Ball, location: 2F 2-2: Foul Ball, location: 2F 2-2: Ball 3-2: Foul Ball, location: 2F 3-2: Foul Ball, location: 2F 3-2: Foul Ball, location: 2F 3-2: Foul Ball, location: 2F 3-2: Base on Balls
|
Batting: RHB Hiroshige Ohashi
|
0-0: Ball 1-0: Called Strike 1-1: Fielders Choice at 2nd, 6-4 (Groundball, 6S, EV 88.1 MPH)
|
Batting: RHB Charles Atkinson
|
0-0: Called Strike 0-1: Ball 1-1: Foul Ball, location: 2F 1-2: Ground out 3-1 (Groundball, 34S, EV 72.5 MPH)
|
Bottom of the 8th over - 0 runs, 0 hits, 0 errors, 1 left on base; Hartford 5 - Pawnee 1 |
TOP OF THE 9TH |
Hartford Pride batting - Pitching for Pawnee ParksNRec : RHP Ronald Wolfe
|
Pitching: LHP Markus Jutzi
|
|
Batting: LHB Jorge Ortíz
|
0-0: Ground out 1-3 (Groundball, 34S, EV 90.0 MPH)
|
Batting: SHB Alvin Peterson
|
0-0: Ball 1-0: Ball 2-0: Ball 3-0: Called Strike 3-1: Ground out 5-3 (Groundball, 56, EV 86.9 MPH)
|
Batting: RHB Katsuhiko Ishihara
|
0-0: Swinging Strike 0-1: Ball 1-1: Called Strike 1-2: Strikes out swinging
|
Top of the 9th over - 0 runs, 0 hits, 0 errors, 0 left on base; Hartford 5 - Pawnee 1 |
BOTTOM OF THE 9TH |
Pawnee ParksNRec batting - Pitching for Hartford Pride : RHP Eduardo Flores
|
Batting: RHB Josh Mawdesley
|
0-0: Called Strike 0-1: Ball 1-1: Ball 2-1: Ball 3-1: Base on Balls
|
Batting: LHB Won-shik Yi
|
0-0: Ball 1-0: Foul Ball, location: 2F 1-1: Ball 2-1: Fly out, F8 (Line Drive, 8LM, EV 98.8 MPH)
|
Batting: RHB Elmer Kent
|
0-0: Swinging Strike 0-1: Ball 1-1: Ball 2-1: Ball 3-1: Base on Balls Josh Mawdesley to second
|
Pitching: RHP Darweshi Hadiya
|
|
Batting: RHB Bartolo Álvarez
|
0-0: Ball 1-0: Foul Ball, location: 2F 1-1: Fly out, F9 (Flyball, 9, EV 79.4 MPH)
|
Batting: RHB Ashton Bailey
|
0-0: Ball 1-0: Ball 2-0: Ball 3-0: Called Strike 3-1: SINGLE (Groundball, 4D, EV 105.0 MPH) Josh Mawdesley to third Elmer Kent to second
|
Pinch Hitting: LHB Tom Washington
|
0-0: Called Strike 0-1: Ball 1-1: Ball 2-1: Ball 3-1: Called Strike 3-2: Base on Balls Josh Mawdesley scores Elmer Kent to third Ashton Bailey to second
|
Pinch Hitting: LHB Ron Lee
|
0-0: SINGLE (Line Drive, 8LM, EV 91.2 MPH) Elmer Kent scores Ashton Bailey to third Tom Washington to second
|
Batting: RHB Hiroshige Ohashi
|
0-0: Ball 1-0: Foul Ball, location: 2F 1-1: Ball 2-1: Fielders Choice at 2nd, U4 (Groundball, 4M, EV 80.6 MPH)
|
Bottom of the 9th over - 2 runs, 2 hits, 0 errors, 3 left on base; Hartford 5 - Pawnee 3 |
|